Unix NetHack Version 5.0.0-0 post-release - last build Jul 14 2026 02:55:29 (1809b74e8187c3a3585e283601c3028b46cbbdcb,branch:main).

Game began 2026-07-16 18:05:25, ended 2026-07-16 18:13:21.

Jinnora, neutral female human Wizard

                                           ------
                         ----             --..|.----
                        --..|  --         |^.......----
                         ...---.---       |...........|     -----        -----
                         -........|       ---...)[....--    |...|      ---...--
                        --........|         --.........|   --...|  ----|......|
                      ---....--- --          -----...).--  |....|---..--.....-
                      |......|          ---      ---....----...---..........--
                      |......|         --.----  ----.--.....-----..|....--.--
                      ---.<..--       --.....|  |....||.....|  |...|....|---
                        --....----  ---......|---.-----.....-- |........|
                         |..(....|  |........|....|  |.......| |.....----
                         |.......|  |....^.....----  --......|--.....|
                         --.....--  |..........------ `..|.----......|
                          |.....|   |........|..-|..| -.------.....---
                         --.....-----.|......|-..|..---------......|
                    ------.........)..|-.-------...................-
                  -..@........------------     ----..--------........|
                  ---....------                  |...|      --.......|
                    --..--                       --.--       ---------
                     ----                         ---
Jinnora the Evoker        St:10 Dx:18 Co:13 In:18 Wi:8 Ch:8  Neutral
Dlvl:5  $:60 HP:0(21) Pw:10(20) AC:9  Xp:2/29 T:1481  Blind

Latest messages:
 Perhaps that's why you cannot move it.
 The boulder falls into and plugs a hole in the floor!
 There are several objects here.
 L - a green gem.
 M - a violet gem.
 N - 2 yellowish brown gems.
 A cloud of gas puts you to sleep!
 You wake up.
 O - a yellowish brown gem.
 You see here a dagger.
 P - a dagger.
 You hear some noises in the distance.
 You see here a black gem.
 A little dart shoots out at you!
 You are hit by a little dart.
 Q - a black gem.
 The kitten picks up a bow.
 You stop.  Your kitten is in the way!
 You swap places with your kitten.
 The kitten drops a bow.
 You hear a jackal howling at the moon.
 You swap places with your kitten.
 You swap places with your kitten.
 You miss the giant rat.
 The giant rat bites!
 You hit the giant rat.
 You knock the giant rat backward with a powerful blow!
 The giant rat just misses!
 You miss the giant rat.
 The giant rat bites!
 You kill the giant rat!
 There is a giant rat corpse here; eat it? [ynq] (n) y
 This giant rat corpse is gamey.
 You finish eating the giant rat corpse.
 O - a yellowish brown gem (2 in total).
 There are several objects here.
 The raven bites!
 The raven blinds you!
 It bites!
 It bites!
 It bites!
 In what direction? 2
 The spell hits it!
 It bites!
 In what direction? 2
 The spell hits it!
 It bites!
 It bites!
 You die...
 Do you want your possessions identified? [ynq] (y) q

Inventory:
 Coins    ('$')
  $ - 60 gold pieces
 Weapons  (')')
  P - a blessed +1 dagger
  z - an uncursed +0 dagger
  a - a blessed +1 quarterstaff (weapon in hands)
 Armor    ('[')
  b - an uncursed +0 cloak of magic resistance (being worn)
 Comestibles  ('%')
  K - an uncursed slime mold
  q - an uncursed candy bar labeled "Om-nom"
  G - an uncursed carrot
  v - 2 uncursed food rations
  p - an uncursed pancake
  s - an uncursed lichen corpse
 Scrolls  ('?')
  H - an uncursed scroll of create monster
  k - an uncursed scroll of earth
  i - an uncursed scroll of food detection
  E - an uncursed scroll of gold detection
  j - 2 uncursed scrolls of identify
 Spellbooks  ('+')
  l - a blessed spellbook of force bolt
  t - an uncursed spellbook of force bolt
  m - an uncursed spellbook of magic missile
 Potions  ('!')
  g - an uncursed potion of extra healing
  F - an uncursed potion of gain ability
  u - 2 uncursed potions of healing
  B - an uncursed potion of invisibility
  A - an uncursed potion of restore ability
  f - an uncursed potion of see invisible
  h - an uncursed potion of sickness
 Rings    ('=')
  d - an uncursed ring of conflict
  r - an uncursed ring of fire resistance
  x - a cursed -1 ring of protection
  e - an uncursed ring of shock resistance
 Wands    ('/')
  c - an uncursed wand of fire (0:7)
 Tools    ('(')
  o - an uncursed blindfold
  J - a cursed credit card
  n - an uncursed magic marker (0:19)
  C - a cursed tallow candle
  y - a cursed tin opener
 Gems/Stones  ('*')
  N - 2 uncursed topaz stones
  Q - an uncursed worthless piece of black glass
  L - an uncursed worthless piece of green glass
  w - an uncursed worthless piece of orange glass
  M - an uncursed worthless piece of violet glass
  O - 2 uncursed worthless pieces of yellowish brown glass
  D - a cursed worthless piece of yellowish brown glass

Jinnora the Wizard's attributes:

Background:
 You were an Evoker, a level 2 female human Wizard.
 You were neutral, on a mission for Thoth
 who was opposed by Ptah (lawful) and Anhur (chaotic).
 You were right-handed.
 You were in the Gnomish Mines, on level 5.
 You entered the dungeon 1481 turns ago.
 There was a new moon in effect when your adventure ended.
 You had 29 experience points, 11 more were needed to attain level 3.

Basics:
 You had 0 out of 21 hit points.
 You had 10 out of 20 energy points (spell power).
 Your armor class was 9.
 Your wallet contained 60 zorkmids.
 Autopickup was off.

Final Characteristics:
 Your strength was 10 (limit:18/100).
 Your dexterity was 18 (limit:18).
 Your constitution was 13 (limit:18).
 Your intelligence was 18 (limit:18).
 Your wisdom was 8 (limit:18).
 Your charisma was 8 (limit:18).

Final Status:
 You were temporarily blind.
 You weren't hungry.
 You were unencumbered.
 You were wielding a quarterstaff.
 You had basic skill with quarterstaff.

Final Attributes:
 You were stridently aligned.
 You were magic-protected.
 You were warded.
 You are dead.

Miscellaneous:
 You encountered 1 bones level.
 Total elapsed playing time was 7 minutes and 54 seconds.

Major events:
 Turn
    1: Jinnora the neutral female human Wizard entered the dungeon
 1131: entered the Gnomish Mines
 1481: killed by a raven

Spells:
 Name                 Level Category     Fail Retention
 force bolt             1   attack         0%  91%-100%
 magic missile          2   attack         0%  91%-100%

Skills:
 Fighting Skills
   bare handed combat [Unskilled]
   riding             [Unskilled]
 Weapon Skills
   dagger             [Unskilled]
   knife              [Unskilled]
   axe                [Unskilled]
   short sword        [Unskilled]
   club               [Unskilled]
   mace               [Unskilled]
   quarterstaff       [Basic]
   polearms           [Unskilled]
   spear              [Unskilled]
   trident            [Unskilled]
   sling              [Unskilled]
   dart               [Unskilled]
   shuriken           [Unskilled]
 Spellcasting Skills
   attack spells      [Basic]
   healing spells     [Unskilled]
   divination spells  [Unskilled]
   enchantment spells [Basic]
   clerical spells    [Unskilled]
   escape spells      [Unskilled]
   matter spells      [Unskilled]

Voluntary challenges:
 Character rerolling was not enabled.
 You were illiterate.
 You never genocided any monsters.
 You never polymorphed an object.
 You never changed form.
 You used no wishes.
Achievements:
 You entered a shop.
 You entered the Gnomish Mines.

 The Dungeons of Doom: levels 1 to 5
    Level 1:
       A fountain.
    Level 2:
       A general store.
    Level 3:
       A ring shop.
    Level 4:
       A fountain.
       Stairs down to The Gnomish Mines.
    Level 5:
       A fountain.
 The Gnomish Mines:
    Level 5: <- You were here.
       Final resting place for
          you, killed by a raven,
          HumaRuntu-Mon-Hum-Fem-Neu, killed by a Green-elf.


Vanquished creatures:
  a little dog
 an acid blob
  a giant rat
  a gnome zombie
  a jackal
  a fox
  4 grid bugs
  3 lichens
  2 kobold zombies
 10 newts
25 creatures vanquished.

No species were genocided or became extinct.

Game over:
                       ----------
                      /          \
                     /    REST    \
                    /      IN      \
                   /     PEACE      \
                  /                  \
                  |     Jinnora      |
                  |      60 Au       |
                  |   killed by a    |
                  |      raven       |
                  |                  |
                  |                  |
                  |       2026       |
                 *|     *  *  *      | *
        _________)/\\_//(\/(/\)/\//\/|_)_______

Goodbye Jinnora the Wizard...

You died in The Gnomish Mines on dungeon level 5 with 370 points,
and 60 pieces of gold, after 1481 moves.
You were level 2 with a maximum of 21 hit points when you died.

